 Dungeon Crawl Stone Soup version 0.30.0-5-g1a98f26d00 (webtiles) character file.

Game seed: 16842179087873616034

4958 buriedalive the Nimble (level 10, -3/52 HPs)
             Began as a Deep Elf Ice Elementalist on May 9, 2023.
             Splashed by a brown ugly thing's acid (9 damage)
             ... on level 8 of the Dungeon.
             The game lasted 00:22:11 (9615 turns).

buriedalive the Nimble (Deep Elf Ice Elementalist)  Turns: 9615, Time: 00:22:11

Health: -3/52      AC:  7    Str:  5    XL:     10   Next: 28%
Magic:  17/30      EV: 20    Int: 27    God:
Gold:   250        SH:  5    Dex: 18    Spells: 10/21 levels left

rFire   x . .        a - +7 quarterstaff "Deurom" {venom, rN+ Int+2}
rCold   + . .        (shield currently unavailable)
rNeg    + . .        q - +0 robe
rPois   .            t - +1 helmet
rElec   .            n - +2 cloak
rCorr   .            F - +2 pair of gloves {Dex+3}
SInv    .            w - +0 pair of boots
Will    +....        e - amulet of reflection
Stlth   ++           u - ring of magical power
HPRegen 0.28/turn    p - ring of ice
MPRegen 0.22/turn

%: reflection
@: about to teleport, corroded
A: no striking features
a: no special abilities


You were on level 8 of the Dungeon.
You visited 2 branches of the dungeon, and saw 9 of its levels.

You collected 508 gold pieces.
You spent 258 gold pieces at shops.

Inventory:

Hand Weapons
 a - the +7 quarterstaff "Deurom" (weapon) {venom, rN+ Int+2}
   (You found it on level 3 of the Dungeon)

   Int:       It affects your intelligence (+2).
   rN:        It protects you from negative energy.
 i - a +1 whip of draining
 y - a +2 dagger of pain
Missiles
 c - 81 stones
 z - 4 datura-tipped darts
 C - 2 throwing nets
 I - 3 poisoned darts
 M - 2 atropa-tipped darts
Armour
 j - a scarf of shadows
 n - a +2 cloak (worn)
 q - a +0 robe (worn)
 t - a +1 helmet (worn)
 w - a +0 pair of boots (worn)
 F - a +2 pair of gloves of dexterity (worn)
Magical Staves
 b - a staff of cold
Jewellery
 e - an amulet of reflection (around neck)
 k - a ring of positive energy
 p - a ring of ice (right hand)
 u - a ring of magical power (left hand)
 E - an amulet of faith
 J - a ring of fire
Wands
 s - a wand of flame (16)
 x - a wand of paralysis (2)
 D - a wand of mindburst (12)
 N - a wand of roots (5)
Scrolls
 f - a scroll of magic mapping
 g - 7 scrolls of identify
 l - a scroll of fear
 m - 3 scrolls of teleportation
 A - a scroll of fog
Potions
 d - 6 potions of curing
 h - 3 potions of magic
 o - a potion of heal wounds
 r - 3 potions of brilliance
 v - a potion of flight
 B - a potion of cancellation
 G - a potion of ambrosia
 H - a potion of mutation
 K - a potion of attraction {unknown}
 L - a potion of might {unknown}
 O - a potion of lignification {unknown}


   Skills:
 + Level 1.5 Fighting
 - Level 12.0 Dodging
 - Level 2.4 Stealth
 - Level 6.0 Spellcasting
 + Level 7.5 Summonings
 - Level 10.0 Ice Magic


You had 10 spell levels left.
You knew the following spells:

 Your Spells              Type           Power      Damage    Failure   Level
a - Freeze                Ice            100%       1d10      1%          1
b - Ozocubu's Armour      Ice            75%        N/A       1%          3
c - Frozen Ramparts       Ice            100%       1d16      1%          3
d - Summon Ice Beast      Ice/Summ       70%        N/A       1%          4

Your spell library contained the following spells:

 Spells                   Type           Power      Damage    Failure   Level
 Apportation              Tloc           16%        N/A       6%          1
 Alistair's Intoxication  Tmut/Pois      5%         N/A       87%         5


Dungeon Overview and Level Annotations

Branches:
Dungeon (8/15)             Temple (1/1) D:4
   Lair: D:8-11

Altars:
Ashenzari
Cheibriados
Dithmenos
Fedhas
Gozag
Hepliaklqana
Kikubaaqudgha
Makhleb
Nemelex Xobeh
Okawaru
Qazlal
Ru
Trog
Uskayaw
Wu Jian
Xom
The Shining One

Shops:
D:2 :   D:6 ([   D:7 **


Message History

The orc priest invokes the aid of Beogh against you.
Beogh smites you!
The wall freezes something.
The wall freezes the jelly!
You kill the jelly!
Casting: Frozen Ramparts (safe; 1% risk of failure)
Confirm with . or Enter, or press ? or * to list all spells.
You feel a surge of power!
Your icy armour thickens.
The wall freezes the brown ugly thing.
The brown ugly thing misses you.
The wall freezes the orc priest!
You kill the orc priest!
The wall freezes something.
You feel a bit more experienced.
Okay, then.
As you read the scroll of teleportation, it crumbles to dust.
You feel strangely unstable.
The wall freezes the brown ugly thing!
The brown ugly thing tentacle-slaps you but does no damage.
The wall freezes the orc!
You kill the orc!
You hit the brown ugly thing but do no damage.
The brown ugly thing is poisoned.
The brown ugly thing is heavily wounded.
The wall freezes the brown ugly thing.
The brown ugly thing tentacle-slaps you!
The acid corrodes you!
You are splashed with acid!
* * * LOW HITPOINT WARNING * * *
Your icy armour and frozen ramparts will break if you move.
Continue? [Y]es or [N]o only, please.
Your icy armour and frozen ramparts will break if you move.
Continue?
Uppercase [Y]es or [N]o only, please.
Your icy armour and frozen ramparts will break if you move.
Continue? [Y]es or [N]o only, please.
Your icy armour and frozen ramparts will break if you move.
Continue?
Uppercase [Y]es or [N]o only, please.
Your icy armour and frozen ramparts will break if you move.
Continue?
Your icy armour cracks and falls away as you move.
The frozen ramparts melt away as you move.
The brown ugly thing misses you.
The brown ugly thing attacks as you move away!
The brown ugly thing tentacle-slaps you.
* * * LOW HITPOINT WARNING * * *
You are splashed with acid!
You die...

.#...#....# ....Jyy.... #........
.....#.#..## ..#####.. ##........
.......#...# ..!./.. #.......>.
..........## ..... ##.........
.....##.### ))) ###..........
...####...###. #[###....##......
.#..###....... ##...##..###...#).
.#..##..#....###u...##..#.##..#..
...#.........##.@.###......##...#
#.......#........## ###....##)...
#......##........# ###........
......###........# #..#.....
..........#......# ##..#.....
........#.#.##...# #..##.....
#...<...##.......## ####..###....
##.#.......##.....###....####....
...###†.#####......#....## #.....


You could see a brown ugly thing (very poisoned).

Vanquished Creatures
  A two-headed ogre (D:8)
  Grinder (D:5)
  Prince Ribbit (D:7)
  A wyvern (D:8)
  Eustachio (D:5)
  2 steam dragons
  A vampire mosquito (D:8)
  Menkaure (D:5)
  An acid dragon (D:8)
  Duvessa (D:7)
  3 water moccasins
  An orc warrior (D:8)
  2 black bears (D:5)
  An ice beast (D:6)
  3 ogres
  A centaur (D:5)
  Blork the orc (D:5)
  4 bullfrogs
  A gnoll sergeant (D:8)
  4 scorpions
  Dowan (D:7)
  6 killer bees (D:7)
  A howler monkey (D:6)
  4 orc priests
  7 hounds
  3 jellies
  An iguana (D:5)
  Ijyb (D:5)
  Jessica (D:2)
  A gnoll bouda (D:6)
  Natasha (twice) (D:4)
  4 orc wizards
  Robin (D:4)
  12 gnolls
  7 adders
  A shadow imp (D:5)
  An ufetubus (D:5)
  2 worms
  2 dart slugs
  24 orcs
  6 ball pythons
  13 endoplasms
  4 giant cockroaches
  11 goblins
  9 hobgoblins
  11 jackals
  6 kobolds
  8 quokkas
  10 bats
  5 frilled lizards
  5 rats
202 creatures vanquished.

Vanquished Creatures (others)
  A human (D:6)
1 creature vanquished.

Grand Total: 203 creatures vanquished

Notes
Turn   | Place    | Note
-------+----------+-------------------------------------------
     0 | D:1      | buriedalive the Deep Elf Ice Elementalist began the quest
                  | for the Orb.
     0 | D:1      | Reached XP level 1. HP: 10/10 MP: 6/6
   150 | D:1      | Reached XP level 2. HP: 12/15 MP: 4/8
   243 | D:1      | Reached skill level 3 in Dodging
   995 | D:1      | Reached XP level 3. HP: 19/19 MP: 8/10
  1015 | D:1      | Learned a level 3 spell: Ozocubu's Armour
  1019 | D:1      | Learned a level 3 spell: Frozen Ramparts
  1163 | D:2      | Found Cuteaneig's Book Emporium.
  1249 | D:2      | Noticed Jessica
  1253 | D:2      | Killed Jessica
  1254 | D:2      | Reached skill level 5 in Ice Magic
  1254 | D:2      | Reached XP level 4. HP: 18/24 MP: 8/12
  1656 | D:2      | Found a hazy altar of Hepliaklqana.
  2383 | D:3      | Found an iron altar of Okawaru.
  2418 | D:3      | Reached skill level 4 in Dodging
  2421 | D:3      | Reached XP level 5. HP: 19/28 MP: 5/14
  2729 | D:3      | Found an opulent altar of Gozag.
  2758 | D:3      | Noticed a water moccasin
  2764 | D:3      | Killed a water moccasin
  2765 | D:3      | Reached skill level 5 in Spellcasting
  2869 | D:3      | Found a broken altar of Ashenzari.
  2933 | D:3      | Reached XP level 6. HP: 29/32 MP: 11/16
  3134 | D:3      | Identified the +7 quarterstaff "Deurom" {venom, rN+ Int+2}
  3298 | D:4      | Noticed Natasha
  3306 | D:4      | Killed Natasha
  3446 | D:4      | Found a staircase to the Ecumenical Temple.
  3469 | Temple   | Entered the Ecumenical Temple
  3847 | D:4      | Noticed Robin
  3860 | D:4      | Reached skill level 5 in Dodging
  3863 | D:4      | Killed Robin
  4039 | D:4      | Noticed Natasha
  4051 | D:4      | Killed Natasha
  4557 | D:5      | Entered Level 5 of the Dungeon
  4659 | D:5      | Noticed Eustachio
  4673 | D:5      | Reached XP level 7. HP: 23/36 MP: 18/18
  4680 | D:5      | Reached skill level 6 in Dodging
  4685 | D:5      | Killed Eustachio
  4700 | D:5      | Reached skill level 7 in Dodging
  4832 | D:5      | Noticed Grinder
  4839 | D:5      | Paralysed by Grinder for 3 turns
  4864 | D:5      | Killed Grinder
  4865 | D:5      | Reached XP level 8. HP: 34/41 MP: 2/19
  4980 | D:5      | Noticed Menkaure
  4990 | D:5      | Killed Menkaure
  4991 | D:5      | Reached skill level 8 in Dodging
  5082 | D:5      | Found a burning altar of Makhleb.
  5322 | D:5      | Noticed Ijyb
  5322 | D:5      | Paralysed by Ijyb for 4 turns
  5331 | D:5      | Killed Ijyb
  5555 | D:5      | Noticed Blork the orc
  5560 | D:5      | Killed Blork the orc
  6026 | D:6      | Found Zoonijek's Weapon Boutique.
  6166 | D:6      | Reached skill level 9 in Dodging
  6200 | D:6      | Found a blossoming altar of Fedhas.
  6294 | D:6      | Learned a level 4 spell: Summon Ice Beast
  6443 | D:6      | Reached XP level 9. HP: 45/45 MP: 12/20
  6728 | D:6      | Found Biafrim's Armour Shoppe.
  6732 | D:6      | Bought a +2 pair of gloves of dexterity for 258 gold pieces
  7054 | D:6      | Found an ancient bone altar of Kikubaaqudgha.
  7267 | D:7      | Reached skill level 10 in Dodging
  7267 | D:7      | Reached skill level 10 in Ice Magic
  7453 | D:7      | Reached skill level 1 in Summonings
  8083 | D:7      | Noticed Duvessa
  8092 | D:7      | Killed Duvessa
  8092 | D:7      | Noticed Dowan
  8093 | D:7      | Reached skill level 11 in Dodging
  8099 | D:7      | Killed Dowan
  8156 | D:7      | Found a stormy altar of Qazlal.
  8437 | D:7      | Noticed Prince Ribbit
  8445 | D:7      | Killed Prince Ribbit
  8495 | D:7      | Found Nichox's General Store.
  8498 | D:7      | Found Loanam's Specific Store.
  8716 | D:8      | Reached skill level 5 in Summonings
  8859 | D:8      | Found a hazy altar of Hepliaklqana.
  9279 | D:8      | Reached skill level 12 in Dodging
  9279 | D:8      | Reached XP level 10. HP: 44/50 MP: 21/21
  9343 | D:8      | Noticed a two-headed ogre
  9360 | D:8      | Killed a two-headed ogre
  9597 | D:8      | Noticed a brown ugly thing
  9604 | D:8      | Reached skill level 1 in Fighting
  9615 | D:8      | Splashed by a brown ugly thing's acid

Illustrated notes

Levels and vault maps discovered:
D:1:      dpeg_arrival_pond, layout_loops_ring
D:2:      layout_loops_ring, basic_altar, serial_shops,
          nicolae_shop_advertising_works [nicolae_subvault_shop_adworks],
          uniq_jessica
D:3:      layout_rooms, mainiacjoe_overflow_paths,
          lemuel_coloured_pillars_altar, mainiacjoe_overflow_boulevard,
          kennysheep_generic_room_8
D:4:      layout_basic, minmay_temple_entry_stoned_glass, uniq_natasha,
          uniq_robin
D:5:      layout_basic, mainiacjoe_overflow_24_doors, grunt_ministairs_14,
          minmay_bent, uniq_blork_the_orc, uniq_eustachio, uniq_grinder,
          uniq_ijyb, uniq_menkaure
D:6:      layout_cave_pools, marbit_many_paths, tgw_kikubaaqudgha,
          serial_gnoll_camp, gnoll_camp_mini_shop, gnoll_camp_mini_loothouse,
          gnoll_camp_mini_house, gnoll_camp_mini_shop,
          nicolae_figureground_pulse
D:7:      layout_loops_ring, mainiacjoe_overflow_surrounded_room,
          nicolae_specific_store, uniq_duvessa, uniq_prince_ribbit1
D:8:      layout_cave_pools, lemuel_crystal_altar, grunt_potential
Temple:   jpeg_temple_island

Skill      XL: |  1  2  3  4  5  6  7  8  9 10 |
---------------+-------------------------------+-----
Dodging        | 3 4 5 7 9 12 | 12.0
Spellcasting   | 4 5 6 |  6.0
Ice Magic      | 5 6 8 9 10 | 10.0
Summonings     | 5 7 |  7.5
Fighting       | 1 |  1.5
Stealth        | |  2.4

Action                     |  1- 3 |  4- 6 |  7- 9 | 10-12 || total
---------------------------+-------+-------+-------+-------++-------
  Melee: Unarmed           |    27 |       |       |       ||    27
         Staff             |     5 |    55 |    53 |       ||   113
         Punch             |       |     1 |       |       ||     1
         Quarterstaff      |       |       |     6 |     4 ||    10
   Cast: Freeze            |    42 |    70 |    73 |    11 ||   196
         Frozen Ramparts   |       |    10 |    43 |     3 ||    56
         Ozocubu's Armour  |       |     4 |    27 |     3 ||    34
  Evoke: Wand              |       |       |     3 |     1 ||     4
    Use: Scroll            |       |     7 |     6 |     1 ||    14
         Potion            |       |       |     2 |       ||     2
   Stab: Sleeping          |     4 |     7 |     1 |       ||    12
         Distracted        |       |     1 |       |       ||     1
 Armour: Robe              |    13 |    33 |    48 |     3 ||    97
  Dodge: Dodged            |    33 |    91 |   146 |    13 ||   283
  Block: Other             |       |    20 |    42 |     3 ||    65
         Reflection        |       |       |     4 |       ||     4
